[Event "Early-Titled-Tuesday-Blitz-January-23-2024"]
[Site "Chess.com"]
[Date "2024.01.23"]
[Round "4"]
[White "Perecke"]
[Black "flomarechot"]
[Result "1-0"]
[WhiteElo "2542"]
[BlackElo "2322"]
[TimeControl "180+1"]
[EndTime "8:37:27 PST"]
[Termination "Perecke won on time"]

1. e4 d6 2. d3 Nf6 3. b3 g6 4. Bb2 Bg7 5. Nd2 c5 6. f4 O-O 7. Qc1 Nc6 8. Ngf3 e6 9. Be2 Nh5 10. Bxg7 Nxg7 11. O-O f5 12. Qb2 Qe7 13. a4 e5 14.
fxe5 Nxe5 15. Nxe5 dxe5 16. exf5 Nxf5 17. Bf3 Nd4 18.
Bd5+ Kg7 19. Nf3 Bg4 20. Rae1 Bxf3 21. Bxf3 Nxf3+ 22. Rxf3 Rxf3 23. Rxe5 Rf1+ 24. Kxf1 Qf6+ 25. Kg1 Re8 26. d4 Rf8 27. h3 Qf2+ 28. Kh2 Qxd4 29. Qxd4 cxd4 30. Rd5 Rc8 31. Rxd4 Rxc2 32. Rd7+ Kh6 33.
Rxb7 Rb2 34. b4 a6 35. Kg3 Rb3+ 36. Kf4 Rb2 37. g4 g5+ 38. Kf5 Rf2+ 39. Ke5 Re2+ 40. Kd5 Re3 41. Rb6+ Kg7 42. Rxa6 Rxh3 43. b5 Rg3 44. b6 Rxg4 45. b7 1-0

[Event "Early-Titled-Tuesday-Blitz-January-23-2024"]
[Site "Chess.com"]
[Date "2024.01.23"]
[Round "4"]
[White "carloseduar100"]
[Black "Barmen_EV"]
[Result "1-0"]
[WhiteElo "2292"]
[BlackElo "2494"]
[TimeControl "180+1"]
[EndTime "8:37:28 PST"]
[Termination "carloseduar100 won by resignation"]

1. d4 Nf6 2. Bg5 Ne4 3. h4 d5 4. Nd2 Bf5 5. Ngf3 h6 6. Bf4 e6 7.
c3 Bd6 8. Bxd6 Qxd6 9. e3 Nd7 10. Nxe4 Bxe4 11. Bd3 O-O 12. Bxe4 dxe4 13. Nd2 f5 14. Qb3 Kh8 15. O-O-O a5 16. f3 a4 17. Qc2 exf3 18.
gxf3 b5 19. Rdg1 b4 20. cxb4 Qxb4 21. Rg6 c5 22. Qc3 Qxc3+ 23. bxc3 cxd4 24. exd4 Rfc8 25.
Kc2 Nf6 26. Rhg1 Ra7 27. Kd3 Nd5 28. c4 Nf4+ 29. Kc3 Nxg6 30. Rxg6 Ra6 31. f4 Kh7 32. h5 a3 33. c5 Ra4 34. Nc4 Rb8 35. Rxe6 Rbb4 36.
Nd6 Rb2 37. c6 Rb1 38. c7 Rc1+ 39. Kb3 Rxc7 40. Kxa4 Ra7+ 41. Kb3 Ra5 1-0

[Event "Early-Titled-Tuesday-Blitz-January-23-2024"]
[Site "Chess.com"]
[Date "2024.01.23"]
[Round "4"]
[White "Horokoskii"]
[Black "GrotBchess"]
[Result "0-1"]
[WhiteElo "2071"]
[BlackElo "2308"]
[TimeControl "180+1"]
[EndTime "8:37:28 PST"]
[Termination "GrotBchess won on time"]

1. e4 e6 2. d4 d5 3. Nd2 Nf6 4. e5 Nfd7 5. Bd3 c5 6. c3 Nc6 7. Ne2 Rb8 8. O-O b5 9. a3 a5 10. Nf3 Be7 11. Be3 b4 12. axb4 axb4 13. Qc1 bxc3 14.
bxc3 Na5 15. Qd1 c4 16. Bc2 Bb7 17. Qd2 Bc6 18. Bg5 Bxg5 19. Qxg5 Qxg5 20. Nxg5 Nb3 21.
Ra3 h6 22. Nf3 O-O 23. Bxb3 Rxb3 24. Rxb3 cxb3 25. Rb1 Rb8 26. Nc1 Ba4 27. Nd2 b2 28. Na2 Bc2 29. Re1 b1=Q 30. Nxb1 Rxb1 31. Rxb1 Bxb1 32.
Nb4 Nb6 33. Kf1 Nc4 34. Ke2 Kf8 35. Kd1 Ke8 36. Kc1 Bg6 37. Nd3 Bxd3 0-1

[Event "Early-Titled-Tuesday-Blitz-January-23-2024"]
[Site "Chess.com"]
[Date "2024.01.23"]
[Round "4"]
[White "AvitalBor"]
[Black "jhedigm"]
[Result "0-1"]
[WhiteElo "2778"]
[BlackElo "2573"]
[TimeControl "180+1"]
[EndTime "8:37:30 PST"]
[Termination "jhedigm won by resignation"]

1. e4 c5 2. Nc3 a6 3. g3 d6 4.
Bg2 g6 5. d4 Nd7 6. Be3 cxd4 7.
Bxd4 Ngf6 8. Nf3 Bg7 9. e5 dxe5 10. Nxe5 O-O 11. O-O Qc7 12. Qe2 e6 13. Rad1 Nb6 14. a4 Nbd5 15. Nxd5 exd5 16. c4 Be6 17. Rc1 dxc4 18.
Nxc4 Rac8 19. b3 b5 20. axb5 axb5 21. Be5 Qa7 22. Nd6 Rxc1 23. Rxc1 Qa3 24. Nxb5 Qxc1+ 0-1

[Event "Early-Titled-Tuesday-Blitz-January-23-2024"]
[Site "Chess.com"]
[Date "2024.01.23"]
[Round "4"]
[White "KetiTsatsalashvili"]
[Black "Adar_07"]
[Result "0-1"]
[WhiteElo "2417"]
[BlackElo "2647"]
[TimeControl "180+1"]
[EndTime "8:37:30 PST"]
[Termination "Adar_07 won by resignation"]

1. d4 Nf6 2. Nf3 e6 3. e3 b6 4.
Bd3 Bb7 5. Nbd2 d5 6. O-O c5 7.
b3 Nbd7 8. Bb2 Bd6 9. Ne5 h5 10. f4 g6 11. Qe2 Rc8 12. a4 Qe7 13. a5 O-O 14. axb6 axb6 15. Ra7 Rc7 16. Ndf3 c4 17.
bxc4 dxc4 18. Bxc4 Bxf3 19. Qxf3 Bxe5 20. fxe5 Rxa7 21.
exf6 Qb4 22. Bb3 Ra5 23. e4 Qd2 24. Bxe6 fxe6 25. f7+ Kh7 26. Bc3 Qxc2 27. Bxa5 bxa5 28. d5 exd5 29. exd5 Ne5 30. Qe3 Rxf7 31. Rxf7+ Nxf7 32. Qe7 Qd1+ 33. Kf2 Qxd5 34. Qa7 Qa2+ 35. Kf3 Qb3+ 36. Kf4 a4 37. g4 Qc4+ 38. Ke3 hxg4 39. Qd7 a3 40.
Qe7 a2 41. Qh4+ Kg7 42. Qe1 Qe6+ 43. Kf4 Qxe1 0-1

[Event "Early-Titled-Tuesday-Blitz-January-23-2024"]
[Site "Chess.com"]
[Date "2024.01.23"]
[Round "4"]
[White "tusplingher"]
[Black "Knightmare1014"]
[Result "0-1"]
[WhiteElo "2488"]
[BlackElo "2286"]
[TimeControl "180+1"]
[EndTime "8:37:31 PST"]
[Termination "Knightmare1014 won by resignation"]

1. e4 c5 2. Nf3 e6 3. d4 cxd4 4. Nxd4 a6 5. Nc3 Qc7 6. Qd3 b5 7. Be2 Bb7 8. O-O Nc6 9. Nxc6 dxc6 10. Qg3 Qxg3 11. hxg3 e5 12. a4 Nf6 13. Bg5 Be7 14. Rfd1 Rd8 15. Rxd8+ Kxd8 16. Bxf6 Bxf6 17. axb5 axb5 18.
Nd1 Kc7 19. c4 b4 20. Ne3 g6 21. c5 Be7 22. Rc1 Ra8 23. Bc4 f6 24. Bb3 Ra5 25.
Rd1 Rxc5 26. Be6 Bc8 27. Bg8 h6 28. Bh7 g5 29. Bf5 Bxf5 30. Nxf5 Bf8 31. Rd2 Rc4 32. f3 Rc1+ 33. Kh2 c5 34. Kh3 c4 35. Ne3 c3 36.
bxc3 bxc3 37. Rd3 Kc6 38. Kg4 Bb4 39. Nd5 Ba5 40. Kf5 c2 41. Ne7+ Kb5 42. Nd5 Rd1 43.
Rxd1 cxd1=Q 44. Nc3+ Bxc3 0-1

[Event "Early-Titled-Tuesday-Blitz-January-23-2024"]
[Site "Chess.com"]
[Date "2024.01.23"]
[Round "4"]
[White "NovakRatko"]
[Black "Alenzer"]
[Result "0-1"]
[WhiteElo "2337"]
[BlackElo "2171"]
[TimeControl "180+1"]
[EndTime "8:37:32 PST"]
[Termination "Alenzer won on time"]

1. d4 d5 2. c4 dxc4 3. e4 e5 4. Nf3 Bb4+ 5. Bd2 Bxd2+ 6. Qxd2 exd4 7. Bxc4 Ne7 8. Nxd4 O-O 9. O-O Nbc6 10. Nxc6 Nxc6 11.
Qc3 Qe7 12. Re1 Be6 13. Nd2 Rad8 14. Nf3 a6 15. Bxe6 Qxe6 16. a3 Rd7 17. Rac1 Rfd8 18. h3 Rd3 19. Qc5 R8d6 20. a4 Rxf3 21. gxf3 Qxh3 22. Qxd6 cxd6 23. Rc3 h5 24. Ree3 h4 25.
f4 Qg4+ 26. Kf1 Nd4 0-1

[Event "Early-Titled-Tuesday-Blitz-January-23-2024"]
[Site "Chess.com"]
[Date "2024.01.23"]
[Round "4"]
[White "Pastore1978"]
[Black "IsaqueGoncalvesSanto"]
[Result "1/2-1/2"]
[WhiteElo "2278"]
[BlackElo "1800"]
[TimeControl "180+1"]
[EndTime "8:37:33 PST"]
[Termination "Game drawn by repetition"]

1. d4 d5 2. c4 c6 3. cxd5 cxd5 4.
Nc3 Nf6 5. g3 Bf5 6. Bg2 e6 7.
Nf3 Bb4 8. O-O O-O 9. Ne5 Qa5 10. Bd2 Nbd7 11. f4 h6 12. a3 Bxc3 13. Bxc3 Qb6 14. Qa4 Nxe5 15. fxe5 Ne4 16. Qb4 Nxc3 17. Qxc3 Rac8 18.
Qd2 Rc2 19. Qf4 Rxe2 20. b4 Be4 21. Bxe4 Rxe4 22. Qf2 Qxd4 23. Qxd4 Rxd4 24. Rac1 Rc4 25. Rxc4 dxc4 26. Rc1 b5 27. Kf2 Rd8 28. Ke3 Rd3+ 29.
Ke4 Rxa3 30. Rd1 Kf8 31. Rd8+ Ke7 32. Rb8 a6 33. Rb7+ Kf8 34. Rb8+ Ke7 35. Rb7+ Ke8 36. Rb8+ Ke7 1/2-1/2

[Event "Early-Titled-Tuesday-Blitz-January-23-2024"]
[Site "Chess.com"]
[Date "2024.01.23"]
[Round "4"]
[White "tigurones"]
[Black "malakismayil"]
[Result "1-0"]
[WhiteElo "2405"]
[BlackElo "2562"]
[TimeControl "180+1"]
[EndTime "8:37:34 PST"]
[Termination "tigurones won by checkmate"]

1. d4 Nf6 2. Nf3 d5 3. c4 e6 4. e3 Bb4+ 5. Bd2 Bxd2+ 6. Nbxd2 O-O 7. Bd3 c5 8. cxd5 Nxd5 9. O-O Nc6 10. dxc5 Nxe3 11.
Bxh7+ Kxh7 12. fxe3 Qe7 13. Ne4 f6 14. Nfg5+ Kg6 15. Qg4 Ne5 16. Qg3 fxg5 17. Rxf8 Qxf8 18. Qxg5+ Kh7 19. Qh5+ Kg8 20. Ng5 Qf5 21. Rf1 Qg6 22.
Qh8+ Kxh8 23. Rf8# 1-0

[Event "Early-Titled-Tuesday-Blitz-January-23-2024"]
[Site "Chess.com"]
[Date "2024.01.23"]
[Round "4"]
[White "whiteglovethief"]
[Black "GMJustin"]
[Result "1-0"]
[WhiteElo "2541"]
[BlackElo "2341"]
[TimeControl "180+1"]
[EndTime "8:37:35 PST"]
[Termination "whiteglovethief won on time"]

1. e4 d6 2. Nf3 Nf6 3. Nc3 c5 4. d4 cxd4 5. Nxd4 a6 6. Be2 e5 7.
Nb3 Be7 8. O-O O-O 9. Be3 Be6 10. a4 Nbd7 11. f4 exf4 12. Bxf4 Ne8 13. Kh1 Bf6 14. Nd4 Qb6 15. Nxe6 fxe6 16. Bc4 Nc5 17. Rb1 Qb4 18. Qe2 Bxc3 19. bxc3 Qxc3 20. Rf3 Qd4 21. Rbf1 Nf6 22. e5 Nd5 23. Bxd5 exd5 24. e6 Rae8 25. e7 Rf7 26.
Bxd6 Rxf3 27. Qxf3 Qf6 28. Qxd5+ Qe6 29. Rf8+ 1-0

[Event "Early-Titled-Tuesday-Blitz-January-23-2024"]
[Site "Chess.com"]
[Date "2024.01.23"]
[Round "4"]
[White "Witik"]
[Black "ilushka"]
[Result "1-0"]
[WhiteElo "2668"]
[BlackElo "2456"]
[TimeControl "180+1"]
[EndTime "8:37:36 PST"]
[Termination "Witik won on time"]

1. d4 e6 2. Nf3 Nf6 3. c4 Bb4+ 4. Bd2 Qe7 5. g3 Nc6 6. Nc3 Bxc3 7. Bxc3 Ne4 8. Rc1 Nxc3 9. Rxc3 d6 10. d5 Ne5 11.
Nxe5 dxe5 12. Bg2 O-O 13. O-O Rd8 14. Qb3 a5 15. a3 Qc5 16. e3 a4 17. Qc2 Qa5 18. f4 exf4 19. gxf4 Qc5 20. Kh1 c6 21. e4 Qe7 22. Rg3 cxd5 23. cxd5 exd5 24. exd5 Qf6 25. Qc7 Bf5 26. Qe5 Kf8 27. Rc3 Rac8 28. Rfc1 Rxc3 29. Rxc3 Re8 30. Qxf6 Re1+ 31. Bf1 Rxf1+ 32. Kg2 1-0

[Event "Early-Titled-Tuesday-Blitz-January-23-2024"]
[Site "Chess.com"]
[Date "2024.01.23"]
[Round "4"]
[White "deribas12345"]
[Black "PawnEatingZombie"]
[Result "1-0"]
[WhiteElo "2475"]
[BlackElo "2108"]
[TimeControl "180+1"]
[EndTime "8:37:36 PST"]
[Termination "deribas12345 won on time"]

1. d4 Nf6 2. c4 g6 3. Nc3 Bg7 4. e4 d6 5. Nge2 O-O 6. Ng3 h5 7. Be2 h4 8. Nf1 c5 9. d5 b5 10.
f3 h3 11. g4 b4 12. Nb1 e6 13.
Ng3 exd5 14. cxd5 Nbd7 15. O-O Ne5 16. Bg5 Qb6 17. Nd2 c4+ 18. Kh1 c3 19. bxc3 bxc3 20. Nb3 Ba6 21. Qd4 Bxe2 22. Qxb6 axb6 23. Nxe2 Rfc8 24. Ned4 Nexg4 25. fxg4 Nxe4 26. Be3 c2 27. Rac1 Rxa2 28. Nc6 Re8 29. Bxb6 Nc3 30. Ncd4 Rb2 31. Rxc2 Rxc2 32. Nxc2 Rb8 33. Bc7 Rxb3 34. Bxd6 Rb2 35.
Ne3 Ne4 36. Bg3 Rd2 37. Rd1 1-0

[Event "Early-Titled-Tuesday-Blitz-January-23-2024"]
[Site "Chess.com"]
[Date "2024.01.23"]
[Round "4"]
[White "Jospem"]
[Black "inneremptiness"]
[Result "1-0"]
[WhiteElo "3105"]
[BlackElo "2890"]
[TimeControl "180+1"]
[EndTime "8:37:37 PST"]
[Termination "Jospem won by resignation"]

1. e4 c5 2. Nf3 Nc6 3. c3 Nf6 4.
Bd3 g6 5. O-O Bg7 6. Bc2 O-O 7. h3 e5 8. d3 d5 9. Bg5 h6 10. Bxf6 Bxf6 11. Nbd2 Be6 12. a3 Bg7 13. b4 b6 14. Bb3 Ne7 15. Re1 Qc7 16. Rc1 Rad8 17.
Qe2 dxe4 18. dxe4 Bxb3 19. Nxb3 c4 20. Nbd2 b5 21. Red1 Rd7 22. a4 a6 23. axb5 axb5 24.
Nf1 Rfd8 25. Ne3 Qc6 26. Rxd7 Rxd7 27. Rd1 Rxd1+ 28. Qxd1 Qxe4 29. Qd8+ Bf8 30. Ng4 Kg7 31. Nfxe5 Nd5 32. Qe8 Qf5 33. Qxb5 Nxc3 34. Qxc4 Nb1 35. Qd4 Kg8 36. Nd7 Bg7 37. Ndf6+ Bxf6 38. Nxf6+ Kf8 39.
Nd5 Kg8 40. Ne7+ 1-0

[Event "Early-Titled-Tuesday-Blitz-January-23-2024"]
[Site "Chess.com"]
[Date "2024.01.23"]
[Round "4"]
[White "R2D2PTY"]
[Black "jup1978"]
[Result "0-1"]
[WhiteElo "2247"]
[BlackElo "2405"]
[TimeControl "180+1"]
[EndTime "8:37:37 PST"]
[Termination "jup1978 won by checkmate"]

1. e4 e5 2. Nf3 Nf6 3. d4 Nxe4 4. dxe5 d5 5. Bd3 Nc5 6. O-O Be7 7. Re1 Nxd3 8. cxd3 O-O 9. d4 c5 10. Nc3 Be6 11.
Be3 c4 12. b3 cxb3 13. Qxb3 b6 14. Nd2 Nc6 15. f4 Na5 16. Qb2 f5 17. Rec1 g5 18. fxg5 f4 19. Bf2 Bxg5 20. Nf3 Be7 21. Qe2 Kh8 22.
Rab1 Rg8 23. Kh1 Qe8 24. Ne1 Qg6 25. Qf3 Rad8 26. Rb5 Bg4 27. Qd3 Bf5 28. Qf1 Be4 29.
Nxe4 dxe4 30. d5 e3 31. Bg1 Bc5 32. d6 Nc6 33. Nf3 Qe4 34. Qc4 Qg6 35. Rxc5 Qxg2# 0-1

[Event "Early-Titled-Tuesday-Blitz-January-23-2024"]
[Site "Chess.com"]
[Date "2024.01.23"]
[Round "4"]
[White "TregubovP"]
[Black "Logman74"]
[Result "1-0"]
[WhiteElo "2676"]
[BlackElo "2483"]
[TimeControl "180+1"]
[EndTime "8:37:39 PST"]
[Termination "TregubovP won on time"]

1. e4 c5 2. Nf3 d6 3. d4 cxd4 4.
Qxd4 a6 5. Nc3 Nc6 6. Qd3 Nf6 7. Be2 g6 8. O-O Bg7 9. Nd5 O-O 10. c3 Nxd5 11.
exd5 Ne5 12. Nxe5 Bxe5 13. Bh6 Bg7 14. Bxg7 Kxg7 15. Rae1 Qb6 16. b3 Bf5 17. Qd2 Rac8 18. Bf3 Rfe8 19. Re3 Kg8 20. Rfe1 Qc7 21. g4 Bd7 22.
Rxe7 Rxe7 23. Rxe7 Qd8 24. Qe3 Kf8 25. Re4 Qf6 26.
c4 b5 27. Be2 Qa1+ 28. Kg2 Qxa2 29. Qf4 Qa3 30. Qf6 Kg8 31. Re7 Be8 32. cxb5 axb5 33. Bxb5 Qb4 34. Bd7 Rd8 35. h3 Qxb3 36. Bxe8 Qxd5+ 37. Kh2 1-0

[Event "Early-Titled-Tuesday-Blitz-January-23-2024"]
[Site "Chess.com"]
[Date "2024.01.23"]
[Round "4"]
[White "Laico"]
[Black "mary-sanna"]
[Result "1-0"]
[WhiteElo "2341"]
[BlackElo "2187"]
[TimeControl "180+1"]
[EndTime "8:37:39 PST"]
[Termination "Laico won by checkmate"]

1. e4 c5 2. Nc3 Nc6 3. f4 g6 4.
Nf3 Bg7 5. Bb5 e6 6. Bxc6 dxc6 7. d3 Ne7 8. O-O O-O 9. Qe1 b5 10. Qh4 b4 11. Na4 c4 12. dxc4 Ba6 13. Bd2 Bxc4 14.
Bxb4 Bd4+ 15. Nxd4 Qxd4+ 16. Rf2 Rfe8 17. Bc3 Qxe4 18.
Qf6 Nf5 19. Qh8# 1-0

[Event "Early-Titled-Tuesday-Blitz-January-23-2024"]
[Site "Chess.com"]
[Date "2024.01.23"]
[Round "4"]
[White "salomez"]
[Black "SharapovEvgeny"]
[Result "0-1"]
[WhiteElo "2294"]
[BlackElo "2522"]
[TimeControl "180+1"]
[EndTime "8:37:40 PST"]
[Termination "SharapovEvgeny won on time"]

1. e4 c5 2. Nf3 d6 3. d4 cxd4 4. Nxd4 Nf6 5. Nc3 Nc6 6. Bc4 Qb6 7. Nb3 e6 8. Be3 Qc7 9. Bd3 Be7 10. f4 O-O 11. Qf3 a6 12. O-O b5 13. Rae1 Bb7 14.
a3 b4 15. axb4 Nxb4 16. g4 d5 17. Bd4 dxe4 18. Nxe4 Nxe4 19. Bxe4 Bxe4 20. Qxe4 Qxc2 21. Qb7 Qxb3 22. Qxe7 Nc6 23. Qc5 Nxd4 24. Qxd4 Rfd8 25. Qe5 Rd5 26. Qe2 Qb6+ 27. Kh1 Rb8 28. f5 Qc6 29. Qe4 Rc5 30. fxe6 fxe6 31. Qxc6 Rxc6 32. Re2 h6 33. Rfe1 Rbb6 34. Kg2 Kf7 35. h3 Rb3 36. Rf2+ Ke7 37. Rfe2 Rcb6 0-1

[Event "Early-Titled-Tuesday-Blitz-January-23-2024"]
[Site "Chess.com"]
[Date "2024.01.23"]
[Round "4"]
[White "stasOR4ik"]
[Black "Chesstiger64"]
[Result "1-0"]
[WhiteElo "2420"]
[BlackElo "2237"]
[TimeControl "180+1"]
[EndTime "8:37:41 PST"]
[Termination "stasOR4ik won by resignation"]

1. e4 e6 2. c4 d5 3. cxd5 exd5 4.
exd5 Nf6 5. Nc3 Nxd5 6. Bc4 c6 7. Nf3 Be6 8. Bxd5 Bxd5 9. Nxd5 Qxd5 10. O-O Be7 11.
Re1 Nd7 12. Qe2 Qd6 13. d4 Kd8 14. Bf4 Qxf4 15. Qxe7+ Kc8 16. Re4 Qf6 17. Rae1 Qxe7 18. Rxe7 Rf8 19. Ng5 Kc7 20. Nxh7 Rfd8 21. Rxf7 Kb6 22.
Ree7 Nf6 23. Rxb7+ Ka6 24. Nxf6 Rxd4 25. h3 gxf6 26. Rb3 Rf4 27. g3 Rf5 28. Kg2 c5 29. g4 Rf4 30. Kg3 Rb4 31. Rxf6+ Kb5 32. Rxb4+ cxb4 33. g5 Rc8 34. g6 a5 35. h4 a4 36. h5 Rc1 37. Kg2 Rc5 38. f4 a3 39. bxa3 bxa3 40. g7 Rc2+ 41. Kf3 Rc3+ 42. Ke4 Rg3 43. Rg6 Rxg6 44.
hxg6 Kc4 45. g8=Q+ Kc3 46. Qb3+ Kd2 1-0

[Event "Early-Titled-Tuesday-Blitz-January-23-2024"]
[Site "Chess.com"]
[Date "2024.01.23"]
[Round "4"]
[White "Rodalquilar"]
[Black "Flaccidmoves"]
[Result "1/2-1/2"]
[WhiteElo "2717"]
[BlackElo "2445"]
[TimeControl "180+1"]
[EndTime "8:37:42 PST"]
[Termination "Game drawn by repetition"]

1. d4 Nf6 2. Nf3 g6 3. Bf4 Bg7 4. e3 O-O 5. Be2 c5 6. c3 d5 7. O-O Nc6 8. h3 Nd7 9. Nbd2 e5 10. dxe5 Ndxe5 11. Nxe5 Nxe5 12. Nf3 Nc6 13. Qb3 Qb6 14.
Rfd1 Be6 15. Qxb6 axb6 16. Bc7 d4 17. exd4 cxd4 18. cxd4 Nb4 19. a3 Nd5 20. Be5 Rfc8 21. Rac1 f6 22. Bg3 Bh6 23. Rxc8+ Rxc8 24. Ne1 Ne7 25. Kf1 Kf7 26. Bf3 Bd5 27. Ke2 Bxf3+ 28. Kxf3 Nd5 29. Ke2 Ke6 30. Kd3 Bc1 31. Nc2 Bxb2 32.
Rb1 Bxa3 33. Ne3 Rc3+ 34. Kd2 Rc6 35. Kd3 Rc3+ 36. Kd2 Rc6 37. Kd3 Rc3+ 1/2-1/2

[Event "Early-Titled-Tuesday-Blitz-January-23-2024"]
[Site "Chess.com"]
[Date "2024.01.23"]
[Round "4"]
[White "FLYD"]
[Black "Boundless_Strike"]
[Result "0-1"]
[WhiteElo "2100"]
[BlackElo "2618"]
[TimeControl "180+1"]
[EndTime "8:37:44 PST"]
[Termination "Boundless_Strike won by checkmate"]

1. e4 d6 2. d4 e5 3. Nf3 Bg4 4. dxe5 Nc6 5. h3 Bh5 6. Bb5 Qd7 7. Nc3 a6 8. Bc4 O-O-O 9. Be3 Qe8 10. exd6 Bxd6 11. Qe2 Nf6 12. Bd3 Qe7 13. O-O-O Ba3 14. bxa3 Qxa3+ 15. Kd2 Qb4 16. Bg5 Ne5 17. Bxf6 Bxf3 18.
gxf3 gxf6 19. Rb1 Nc4+ 20. Ke1 Qxc3+ 21. Kf1 Nd2+ 22. Kg2 Rhg8+ 23. Kh2 Qe5+ 24. f4 Qxf4# 0-1

[Event "Early-Titled-Tuesday-Blitz-January-23-2024"]
[Site "Chess.com"]
[Date "2024.01.23"]
[Round "4"]
[White "SmirnovAlexandrA"]
[Black "InitiatingASC"]
[Result "0-1"]
[WhiteElo "2604"]
[BlackElo "2439"]
[TimeControl "180+1"]
[EndTime "8:37:44 PST"]
[Termination "InitiatingASC won by checkmate"]

1. e4 c5 2. Nf3 Nc6 3. d4 cxd4 4.
Nxd4 Nf6 5. Nc3 e5 6. Ndb5 h6 7. a4 d6 8. Bc4 Be6 9. Na3 Be7 10. O-O O-O 11. h3 Bxc4 12. Nxc4 Nxe4 13. Nxe4 d5 14. Nxe5 Nxe5 15. Ng3 Bc5 16. b3 Qd6 17.
Bb2 Rad8 18. Qh5 Ng6 19. Rad1 Qxg3 20. Rd3 Qg5 21. Qf3 Rfe8 22. Bc1 Nh4 23. Qg4 Qxg4 24. hxg4 Re2 25. c3 Rde8 26. b4 Be7 27. Rxd5 Bf6 28. g5 hxg5 29. Bxg5 Bxg5 30. Rxg5 Ng6 31. Ra5 a6 32. b5 axb5 33. Rxb5 R8e7 34. Rfb1 Rc2 35. Rxb7 Ree2 36. a5 Rxf2 37. a6 Rxg2+ 38. Kh1 Nh4 39. a7 Rh2+ 40. Kg1 Rcg2+ 41. Kf1 Rh1# 0-1

[Event "Early-Titled-Tuesday-Blitz-January-23-2024"]
[Site "Chess.com"]
[Date "2024.01.23"]
[Round "4"]
[White "Natalya_Buksa"]
[Black "vovachesss"]
[Result "1-0"]
[WhiteElo "2584"]
[BlackElo "2851"]
[TimeControl "180+1"]
[EndTime "8:37:46 PST"]
[Termination "Natalya_Buksa won on time"]

1. d4 d6 2. Nc3 Nf6 3. e4 Nbd7 4.
Nf3 e5 5. Bc4 Be7 6. O-O O-O 7. a4 a5 8. Re1 c6 9. h3 Qc7 10. d5 Nb6 11. Bb3 cxd5 12. Bxd5 Nbxd5 13. exd5 Bf5 14. Bg5 h6 15. Bxf6 Bxf6 16. Re2 Rac8 17.
Nb5 Qb6 18. b3 Bxc2 19. Rxc2 Rxc2 20. Qxc2 e4 21. Re1 exf3 22. gxf3 Qc5 23. Qxc5 dxc5 24. Re4 Rd8 25. d6 Kf8 26. Kf1 g6 27. Ke2 Kg7 28.
Kd3 b6 29. Kc4 Kf8 30. Kd5 Rc8 31. d7 Rd8 32. Kd6 h5 33. Nc7 c4 34. bxc4 Kg7 35.
Nd5 1-0

[Event "Early-Titled-Tuesday-Blitz-January-23-2024"]
[Site "Chess.com"]
[Date "2024.01.23"]
[Round "4"]
[White "LileKoridze"]
[Black "GatoRojo150"]
[Result "1-0"]
[WhiteElo "2310"]
[BlackElo "2589"]
[TimeControl "180+1"]
[EndTime "8:37:46 PST"]
[Termination "LileKoridze won on time"]

1. d3 e5 2. g3 Nc6 3. Bg2 d5 4. h3 Nf6 5. e3 Bd6 6. Ne2 Qe7 7. O-O h5 8. Nd2 Be6 9. c4 Qd7 10. cxd5 Nxd5 11. Kh2 h4 12. g4 e4+ 13. Kh1 exd3 14.
Nd4 Nxd4 15. exd4 c6 16. Nc4 Nb4 17. Nxd6+ Qxd6 18. Be3 Bd5 19. a3 Bxg2+ 20. Kxg2 Qd5+ 21. Kg1 Nc2 22. Rc1 Qe4 23. Qd2 O-O 24. Rcd1 Nxd4 25. Qxd3 Nf3+ 26. Kh1 Qe5 27. Kg2 Qh2+ 28. Kxf3 Qxh3+ 29.
Ke2 Qxg4+ 30. f3 Qe6 31. Rg1 Rfe8 32. Qc3 f6 33. Kf2 Qh3 34. Rg2 1-0

[Event "Early-Titled-Tuesday-Blitz-January-23-2024"]
[Site "Chess.com"]
[Date "2024.01.23"]
[Round "4"]
[White "eightbyeightchess"]
[Black "wadsy27"]
[Result "0-1"]
[WhiteElo "2372"]
[BlackElo "2642"]
[TimeControl "180+1"]
[EndTime "8:37:47 PST"]
[Termination "wadsy27 won by resignation"]

1. e4 e6 2. d4 d5 3. e5 c5 4.
c3 Nc6 5. Nf3 Qb6 6. Bd3 cxd4 7.
O-O Bd7 8. Re1 Nge7 9. h4 h6 10. a3 a5 11. Nbd2 Nf5 12. Bxf5 exf5 13. Nb3 dxc3 14.
bxc3 Be6 15. Be3 Qd8 16. Rb1 Be7 17. Nc5 O-O 18. Rxb7 Rb8 19. Rxb8 Qxb8 20. Qa4 Rc8 21. c4 Bxc5 22. Bxc5 dxc4 23. Bd6 Qb3 24. Qxb3 cxb3 25. Rc1 a4 26. Nd2 Nd4 27. Rxc8+ Bxc8 28. Kf1 Ba6+ 29.
Ke1 Bd3 30. Bc5 Ne6 31. Bb4 b2 0-1

[Event "Early-Titled-Tuesday-Blitz-January-23-2024"]
[Site "Chess.com"]
[Date "2024.01.23"]
[Round "4"]
[White "bangchess21"]
[Black "betta2004"]
[Result "1-0"]
[WhiteElo "2776"]
[BlackElo "2546"]
[TimeControl "180+1"]
[EndTime "8:37:48 PST"]
[Termination "bangchess21 won by resignation"]

1. e4 e5 2. Nf3 Nf6 3. Nxe5 Nc6 4. Nxc6 dxc6 5. Nc3 Bc5 6. h3 h5 7. d3 Be6 8. Be3 Bxe3 9. fxe3 Qd6 10. Qf3 Qb4 11. O-O-O O-O-O 12. d4 Qa5 13. Kb1 Bg4 14. hxg4 hxg4 15.
Qf4 Rxh1 16. e5 Nd5 17. Qxg4+ Kb8 18. Nxd5 Qxd5 19. b3 a5 20. Kb2 a4 21. Bc4 a3+ 22. Kc3 Qa5+ 23. b4 Qa8 24. Rxh1 b5 25. Bxf7 c5 26.
dxc5 Qc6 27. Rd1 Rf8 28. e6 1-0

[Event "Early-Titled-Tuesday-Blitz-January-23-2024"]
[Site "Chess.com"]
[Date "2024.01.23"]
[Round "4"]
[White "tandaleo"]
[Black "Makswolf200817"]
[Result "0-1"]
[WhiteElo "2530"]
[BlackElo "2739"]
[TimeControl "180+1"]
[EndTime "8:37:49 PST"]
[Termination "Makswolf200817 won by resignation"]

1. f4 d5 2. Nf3 c5 3. e3 Nf6 4. b3 g6 5. Bb2 Bg7 6. Be2 O-O 7.
O-O Nc6 8. Ne5 Nxe5 9. fxe5 Nd7 10. d4 Nb8 11. Nd2 Nc6 12. Nf3 Bf5 13. dxc5 Rc8 14.
a3 a5 15. Bd4 Be4 16. Qd2 Bxf3 17. Bxf3 Nxe5 18. b4 Nc4 19. Qe1 e5 20. Bc3 a4 21.
Rd1 d4 22. exd4 exd4 23. Bxb7 Rc7 24. Ba6 Re8 25. Bxc4 Rxe1 26. Rfxe1 h5 27. Bd2 Re7 28. Bf4 d3 29. Rxe7 Qxe7 30. cxd3 Qe2 31. Rf1 Bd4+ 0-1

[Event "Early-Titled-Tuesday-Blitz-January-23-2024"]
[Site "Chess.com"]
[Date "2024.01.23"]
[Round "4"]
[White "MIss_MIaMI"]
[Black "stollenmonster"]
[Result "0-1"]
[WhiteElo "2451"]
[BlackElo "2906"]
[TimeControl "180+1"]
[EndTime "8:37:49 PST"]
[Termination "stollenmonster won by resignation"]

1. e4 c5 2. Nf3 Nf6 3. e5 Nd5 4. d4 cxd4 5. Nxd4 Nc6 6. Nxc6 bxc6 7. Bd3 g6 8. O-O Bg7 9. Re1 O-O 10. a3 d6 11. c4 Nb6 12. exd6 exd6 13. Qf3 Rb8 14. Nc3 d5 15. Bf4 Rb7 16. c5 Nc4 17. Bxc4 dxc4 18. Bd6 Rxb2 19. Be7 Qd3 20. Bxf8 Qxf3 21. gxf3 Kxf8 22.
Ne4 c3 23. Rad1 Be6 24. Rc1 c2 25. Re2 Bb3 26. Nd6 Bh6 27. Rf1 Rb1 28. Re8+ Kg7 29.
Ree1 Rxe1 30. Rxe1 c1=Q 31. Rxc1 Bxc1 32. Nc8 Bxa3 33.
Nxa7 Bd5 34. Nc8 Bxc5 0-1

[Event "Early-Titled-Tuesday-Blitz-January-23-2024"]
[Site "Chess.com"]
[Date "2024.01.23"]
[Round "4"]
[White "Shivananda1964"]
[Black "TheNextLevelFan"]
[Result "0-1"]
[WhiteElo "2354"]
[BlackElo "2552"]
[TimeControl "180+1"]
[EndTime "8:37:49 PST"]
[Termination "TheNextLevelFan won on time"]

1. e4 c6 2. d4 d5 3. f3 dxe4 4. fxe4 g6 5. Nf3 Bg7 6. Bc4 Nf6 7. e5 Nd5 8. O-O O-O 9. Nc3 Bf5 10. Nxd5 cxd5 11. Bd3 e6 12. Bxf5 gxf5 13. c3 Nd7 14.
Bg5 Qb6 15. Kh1 Qxb2 16. Rb1 Qxc3 17. Rxb7 Qc6 18. Rb3 Rab8 19. Ra3 Rb7 20. Qe1 Rfb8 21. Rc3 Qa6 22. Rg1 Qxa2 23. Qg3 Nf8 24. Bf6 Ng6 25. Bxg7 Kxg7 26. h4 h5 27. Qg5 Qf2 28. Qf6+ Kg8 29.
Ng5 Qxh4+ 30. Rh3 Qg4 31. Nxe6 fxe6 32. Qxe6+ Kh7 33. Qf6 Rb1 34. Rxb1 Rxb1+ 35. Kh2 Qf4+ 36. Rg3 Qh4+ 37. Qxh4 Nxh4 0-1